 Dungeon Crawl Stone Soup version 0.21.1-1-g345015fe64 (webtiles) character file.

646 Htamos the Conjurer (level 7, 0/43 HPs)
             Began as an Octopode Wizard on July 12, 2018.
             Was an Initiate of Sif Muna.
             Slain by an ice beast (5 damage)
             ... on level 5 of the Dungeon.
             The game lasted 00:18:00 (6788 turns).

Htamos the Conjurer (Octopode Wizard)               Turns: 6788, Time: 00:18:01

Health: 0/43       AC:  1    Str:  6    XL:     7   Next: 52%
Magic:  16/20      EV: 14    Int: 22    God:    Sif Muna [......]
Gold:   216        SH:  0    Dex: 11    Spells: 11/12 levels left

rFire    . . .     SeeInvis .   q - +0 dagger
rCold    . . .     Gourm    .   (no shield)
rNeg     . . .     Faith    .   a - +0 hat
rPois    .         Spirit   .   (no amulet)
rElec    .         Reflect  .   y - ring of magical power
rCorr    .         Harm     .   (no ring)
MR       .....                  (no ring)
Stlth    ++++......             (no ring)
HPRegen  0.14/turn              (no ring)
MPRegen  0.17/turn              (no ring)
                                (no ring)
                                (no ring)

@: no status effects
A: almost no armour, stealthy swim, amphibious, 8 rings, constrict 8, camouflage
1, gelatinous body 1
a: Renounce Religion


You were on level 5 of the Dungeon.
You worshipped Sif Muna.
Sif Muna was noncommittal.
You were not hungry.

You visited 2 branches of the dungeon, and saw 6 of its levels.

You collected 216 gold pieces.

Inventory:

Hand Weapons
 n - a +0 short sword
 q - a +0 dagger (weapon)
 w - a +0 hunting sling
 C - a cursed -1 rapier
Missiles
 g - 8 arrows
 h - 195 stones (quivered)
 B - 34 sling bullets
Armour
 a - a +0 hat (worn)
Jewellery
 y - a ring of magical power (left tentacle)
 A - an uncursed ring of loudness
Wands
 s - a wand of polymorph (7)
Scrolls
 f - 5 scrolls of identify
 i - a scroll of fog
 j - 2 scrolls of enchant weapon {unknown}
 k - a scroll of amnesia {unknown}
 l - a scroll of noise {unknown}
 m - a scroll of fear {unknown}
 r - a scroll of teleportation
 t - 2 scrolls of immolation
 x - a scroll of blinking {unknown}
Potions
 d - 3 potions of curing
 e - 2 potions of heal wounds {unknown}
 o - 2 potions of invisibility {unknown}
 p - a potion of resistance {unknown}
 u - a potion of brilliance {unknown}
 v - a potion of degeneration {unknown}
 z - 2 potions of lignification {unknown}
Books
 b - a book of Minor Magic

   Spells                             Type                      Level
   a - Magic Dart                     Conjuration                  1
   b - Blink                          Translocation                2
   c - Call Imp                       Summoning                    2
   d - Slow                           Hexes                        2
   e - Conjure Flame                  Conjuration/Fire             3
   f - Mephitic Cloud                 Conjuration/Poison/Air       3
Comestibles
 c - 9 rations


   Skills:
 + Level 1.4 Fighting
 + Level 1.5 Short Blades
 * Level 2.4 Slings
 + Level 3.1 Dodging
 + Level 4.2 Stealth
 - Level 3.0 Spellcasting
 - Level 6.0 Conjurations
   Level 1.0 Summonings
   Level 1.0 Translocations


You had 11 spell levels left.
You knew the following spells:

 Your Spells              Type           Power        Failure   Level  Hunger
a - Magic Dart            Conj           ####         1%          1    None


Dungeon Overview and Level Annotations

Branches:
Dungeon (5/15)             Temple (1/1) D:4

Altars:
Ashenzari
Dithmenos
Fedhas
Gozag
Hepliaklqana
Kikubaaqudgha
Nemelex Xobeh
Sif Muna
Trog
Uskayaw
Vehumet
Zin
The Shining One

Annotations:
D:4 Tali's ghost, amateur MiFi


Innate Abilities, Weirdness & Mutations

You cannot wear most types of armour.
You are very stealthy in the water. (Stealth+)
You are amphibious.
You can wear up to eight rings at the same time.
You can use your tentacles to constrict eight enemies at once.
Your skin changes colour to match your surroundings (Stealth+).
Your rubbery body absorbs attacks. (AC +1, EV +1)


Message History

Casting: Magic Dart
Confirm with . or Enter, or press ? or * to list all spells.
Aiming: Magic Dart
Press: ? - help, Shift-Dir - straight line, f/p - ice beast
Aim: an ice beast (heavily wounded)
The magic dart hits the ice beast.
The ice beast is heavily wounded.
The ice beast hits you. The ice beast freezes you.
* * * LOW HITPOINT WARNING * * *
Casting: Magic Dart
Confirm with . or Enter, or press ? or * to list all spells.
Aiming: Magic Dart
Press: ? - help, Shift-Dir - straight line, f/p - ice beast
Aim: an ice beast (heavily wounded)
The magic dart hits the ice beast.
The ice beast is severely wounded.
The ice beast hits you.
* * * LOW HITPOINT WARNING * * *
The ice beast freezes you.
You die...

# . #....♣♣♣ ♣♣#. #
#.. #.....##......
##...#
###.............
...... .....#.......#
..# ##...≈≈.♣##.# ###
##...♣≈P.≈≈..#
##...♣≈≈≈.≈≈≈####.
###....≈≈P≈.≈P≈♣....
#####...###P≈≈P.@≈≈≈#
........# #≈≈≈P.Y≈≈≈#
.####.### #♣≈≈P.≈≈P♣#
#####.# #.≈♣P.≈≈≈♣
#.....# #.♣♣≈.≈≈♣#
..##### #. ♣≈.P≈♣#
### #.♣♣≈.≈≈≈#
♣≈≈.≈≈≈♣ ♣≈≈.≈≈≈♣


You could see an ice beast.

Vanquished Creatures
  Sigmund (D:2)
  A phantom (D:4)
  A scorpion (D:4)
  A centaur skeleton (D:4)
  An iguana (D:4)
  An orc wizard (D:3)
  A worker ant (D:5)
  Terence (D:3)
  A hound skeleton (D:5)
  Robin (D:2)
  7 adders
  3 worms
  4 dart slugs
  6 orcs
  2 giant cockroaches (D:1)
  24 goblins
  11 hobgoblins
  2 jackals (D:1)
  A quokka (D:2)
  A ball python (D:1)
  7 bats
  6 frilled lizards
  11 kobolds
  13 rats
108 creatures vanquished.

Notes
Turn   | Place    | Note
-------+----------+-------------------------------------------
     0 | D:1      | Htamos the Octopode Wizard began the quest for the Orb.
     0 | D:1      | Reached XP level 1. HP: 11/11 MP: 4/4
   365 | D:1      | Reached skill level 2 in Conjurations
   365 | D:1      | Reached XP level 2. HP: 17/17 MP: 0/6
  1084 | D:1      | Reached XP level 3. HP: 21/21 MP: 4/7
  1263 | D:1      | Reached skill level 3 in Conjurations
  1888 | D:2      | Noticed Robin
  1914 | D:1      | Reached XP level 4. HP: 17/27 MP: 4/8
  2033 | D:2      | Killed Robin
  2313 | D:2      | Reached skill level 4 in Conjurations
  2456 | D:2      | Noticed Sigmund
  2470 | D:2      | Killed Sigmund
  2470 | D:2      | Reached skill level 5 in Conjurations
  2470 | D:2      | Reached XP level 5. HP: 18/31 MP: 1/9
  2470 | D:2      | Reached XP level 6. HP: 22/36 MP: 1/10
  2472 | D:2      | Reached skill level 6 in Conjurations
  2616 | D:2      | Noticed a moth of wrath
  2618 | D:2      | Found a bloodstained altar of Trog.
  2989 | D:2      | Found a shadowy altar of Dithmenos.
  3231 | D:3      | Noticed Terence
  3243 | D:3      | Killed Terence
  4037 | D:3      | Reached skill level 1 in Slings
  4192 | D:3      | Found a hide-covered altar of Uskayaw.
  4490 | D:4      | Noticed a phantom
  5007 | D:4      | Found a hazy altar of Hepliaklqana.
  5255 | D:4      | Reached skill level 1 in Short Blades
  5255 | D:4      | Reached XP level 7. HP: 31/42 MP: 7/11
  5444 | D:4      | Noticed Tali's ghost (amateur MiFi)
  5935 | D:4      | Reached skill level 1 in Fighting
  6112 | D:4      | Found a staircase to the Ecumenical Temple.
  6192 | Temple   | Entered the Ecumenical Temple
  6225 | Temple   | Became a worshipper of Sif Muna the Loreminder
  6541 | D:5      | Entered Level 5 of the Dungeon
  6788 | D:5      | Slain by an ice beast

Skill      XL: |  1  2  3  4  5  6  7 |
---------------+----------------------+-----
Conjurations   | 2 3 5 6 |  6.0
Stealth        | 3 4 |  4.2
Slings         | 1 2 |  2.4
Short Blades   | 1 |  1.5
Fighting       | 1 |  1.4
Dodging        | 3 |  3.1
Spellcasting   | |  3.0
Summonings     | |  1.0
Translocations | |  1.0

Action                   |  1- 3 |  4- 6 |  7- 9 || total
-------------------------+-------+-------+-------++-------
Melee: Dagger            |    29 |    95 |    36 ||   160
       Constrict         |    11 |    17 |     4 ||    32
       Tentacles         |     2 |    14 |     5 ||    21
       Unarmed           |       |     1 |       ||     1
 Cast: Magic Dart        |    71 |   117 |    36 ||   224
  Use: Scroll            |       |       |     7 ||     7
 Stab: Sleeping          |       |     1 |     1 ||     2
  Eat: Chunk             |     3 |    10 |     2 ||    15
       Ration            |       |       |     1 ||     1
Armor: Skin              |     1 |     3 |     3 ||     7
Dodge: Dodged            |    22 |    58 |    27 ||   107
